 Dungeon Crawl Stone Soup version 0.24-a0-487-g57318f2ed0 (webtiles) character file.

Game seed: 15213323809862623886

44 OctoZ the Caller (level 3, -6/24 HPs)
             Began as a Mummy Summoner on July 10, 2019.
             Killed from afar by an orc wizard (8 damage)
             ... with a magic dart
             ... on level 3 of the Dungeon.
             The game lasted 00:03:51 (3597 turns).

OctoZ the Caller (Mummy Summoner)                   Turns: 3597, Time: 00:03:52

Health: -6/24      AC:  2    Str: 11    XL:     3   Next: 41%
Magic:  1/7        EV: 12    Int: 15    God:
Gold:   115        SH:  0    Dex: 12    Spells: 3/7 levels left

rFire    x . .     SeeInvis .   (no weapon)
rCold    + . .     Gourm    .   (no shield)
rNeg     + + +     Faith    .   a - +0 robe
rPois    ∞         Spirit   .   (no helmet)
rElec    .         Reflect  .   (no cloak)
rCorr    .         Harm     .   (no gloves)
MR       .....                  (no boots)
Stlth    ++........             (no amulet)
HPRegen  0.08/turn              (no ring)
MPRegen  0.10/turn              (no ring)

@: no status effects
A: no food or potions, fire vulnerability, cold resistance 1, negative energy
resistance 3, torment resistance, unbreathing
a: no special abilities


You were on level 3 of the Dungeon.
You were not hungry.

You visited 1 branch of the dungeon, and saw 3 of its levels.

You collected 115 gold pieces.

Inventory:

Missiles
 h - 8 boomerangs of dispersal (quivered)
Armour
 a - a +0 robe (worn)
Jewellery
 c - an uncursed amulet of the acrobat {unknown}
 e - an uncursed ring of protection from cold {unknown}
 g - a +5 amulet of reflection {unknown}
 i - an uncursed amulet of the acrobat {unknown}
Scrolls
 b - a scroll of enchant armour {unknown}
 d - 2 scrolls of random uselessness {unknown}
 f - a scroll of teleportation {unknown}
 j - 2 scrolls of identify {unknown}


   Skills:
 - Level 1.5 Dodging
 - Level 1.5 Stealth
 - Level 2.6 Spellcasting
 + Level 4.3 Summonings


You had 3 spell levels left.
You knew the following spells:

 Your Spells              Type           Power        Failure   Level  Hunger
a - Summon Small Mammal   Summ           ###.         3%          1    N/A
b - Call Canine Familiar  Summ           ###.....     11%         3    N/A

Your spell library contained the following spells:

 Spells                   Type           Power        Failure   Level  Hunger
 Call Imp                 Summ           ###.....     5%          2    N/A
 Summon Guardian Golem    Hex/Summ       #.......     26%         3    N/A
 Summon Ice Beast         Ice/Summ       #.......     63%         4    N/A
 Summon Lightning Spire   Summ/Air       #.......     63%         4    N/A

Dungeon Overview and Level Annotations

Branches:
Dungeon (3/15)

Altars:
Kikubaaqudgha
Uskayaw

Annotations:
D:3 Grinder


Innate Abilities, Weirdness & Mutations

You do not eat or drink.
Your flesh is vulnerable to fire.
You are immune to poison.
Your flesh is cold resistant. (rC+)
You are immune to negative energy. (rN+++)
You are immune to unholy pain and torment.
You can survive without breathing.


Message History

Your hound bites the orc wizard.
Grinder shouts!
The orc hits your hound with a +0 short sword.
Your hound dies!
Your hound's corpse disappears in a puff of smoke!
The orc wizard hits you with a +0 dagger of holy wrath.
You convulse.
Grinder barely misses you. Grinder gestures at you.
You suddenly lose the ability to move!
The orc wizard completely misses you.
The orc wizard hits you but does no damage.
Grinder drinks a potion.
Grinder seems to speed up.
Grinder hits you.
You can move again.
Grinder zaps a wand.
The puff of flame hits you! The fire burns you terribly!
Ouch! That really hurt!
* * * LOW HITPOINT WARNING * * *
The orc wizard points at you and mumbles some strange words.
The magic dart hits you!
You die...

# .# ###.# #... #
##.## ..
#########...##.#.#
..?.....o.o......#
######..#5@.##...
#..##.## #.# #.§##.#
#.# #..##^# #.#
#..##.# # #.# #..##.#
.#. #.#.#
#..##.###.... #.#.#
#####..........#.
#..###................


You could see Grinder, an orc wizard and an orc.

Vanquished Creatures
  5 hobgoblins (D:1)
  3 jackals
  3 kobolds (D:1)
  A bat (D:1)
  2 frilled lizards (D:2)
  A rat (D:2)
15 creatures vanquished.

Vanquished Creatures (collateral kills)
  2 adders (D:2)
  2 worms (D:2)
  3 dart slugs
  A giant cockroach (D:1)
  4 goblins
  A hobgoblin (D:1)
  4 jackals
  2 kobolds
  2 bats
  2 frilled lizards
  2 rats
25 creatures vanquished.

Grand Total: 40 creatures vanquished

Notes
Turn   | Place    | Note
-------+----------+-------------------------------------------
     0 | D:1      | OctoZ the Mummy Summoner began the quest for the Orb.
     0 | D:1      | Reached XP level 1. HP: 13/13 MP: 4/4
   382 | D:1      | Reached XP level 2. HP: 6/19 MP: 1/5
  1665 | D:1      | Reached skill level 4 in Summonings
  1979 | D:2      | Found a hide-covered altar of Uskayaw.
  2144 | D:2      | Reached XP level 3. HP: 5/24 MP: 1/7
  2518 | D:2      | Learned a level 3 spell: Call Canine Familiar
  2727 | D:2      | Found an ancient bone altar of Kikubaaqudgha.
  3592 | D:3      | Noticed Grinder
  3594 | D:3      | Paralysed by Grinder for 3 turns
  3597 | D:3      | Killed from afar by an orc wizard

Levels and vault maps discovered:
D:1:      eino_arrival_cavern_d, layout_rooms, hex_tiny, corexii_corridor_pit
D:2:      layout_basic, eat_drink_and_be_merry_uskayaw, kiku_gazebo_pond_becter,
          first_ration, chequers_decorated_corner
D:3:      layout_loops_ring, uniq_grinder

Skill      XL: |  1  2 |
---------------+-------+-----
Summonings     | 4 |  4.3
Dodging        | |  1.5
Stealth        | |  1.5
Spellcasting   | |  2.6

Action                   || total
-------------------------++-------
Melee: Unarmed           ||    86
 Cast: Summon Small Mamm ||    67
       Call Canine Famil ||    11
Armor: Robe              ||    33
Dodge: Dodged            ||   120

Table legend:
 A = Non-vault XP
 B = Vault XP
 C = Vault XP percentage of total XP
 D = Non-vault monster count
 E = Vault monster count
 F = Vault count percentage of total count
                 A         B        C        D         E       F
            +---------+---------+-------+---------+---------+-------
      Total |      64 |       0 |   0.0 |      40 |       0 |   0.0
            +---------+---------+-------+---------+---------+-------
        D:1 |      30 |       0 |   0.0 |      23 |       0 |   0.0
        D:2 |      34 |       0 |   0.0 |      17 |       0 |   0.0
            +---------+---------+-------+---------+---------+-------
